 Dungeon Crawl Stone Soup version 0.28-a0-589-g333b8329f1 (webtiles) character file.

Game seed: 4468619203681241277

647 lawman0 the Slasher (level 7, -3/49 HPs)
             Began as a Djinni Warper on Oct 4, 2021.
             Was an Initiate of Gozag.
             Slain by a killer bee (8 damage)
             ... on level 5 of the Dungeon.
             The game lasted 00:08:21 (5244 turns).

lawman0 the Slasher (Djinni Warper)                 Turns: 5244, Time: 00:08:22

Health: -3/49      AC:  4    Str: 10    XL:     7   Next: 82%
Gold:   451        EV: 12    Int: 16    God:    Gozag SH:  0 Dex: 13

rFire   + + .      SeeInvis .   a - +0 falchion
rCold   x . .      Faith    .   (no shield)
rNeg    . . .      Spirit   .   b - +0 leather armour
rPois   ∞          Reflect  .   (no helmet)
rElec   .          Harm     .   (no cloak)
rCorr   .          Rampage  .   g - +0 pair of gloves
Will    .....                   (boots unavailable)
Stlth   +.........              (no amulet)
HPRegen 0.16/turn               (no ring)
MPRegen 0.00/turn               (no ring)

@: gold aura, flying
A: sickness immunity, fire resistance 2, cold vulnerability 1, float, innate
caster, hp casting, extra vitality 1
a: Renounce Religion, Potion Petition, Call Merchant, Bribe Branch


You were on level 5 of the Dungeon.
You worshipped Gozag.
Gozag was aware of your devotion.
You visited 1 branch of the dungeon, and saw 5 of its levels.

You collected 467 gold pieces.
You paid 16 gold pieces to Gozag.

Inventory:

Hand Weapons
 a - a +0 falchion (weapon)
Missiles
 d - 3 boomerangs of dispersal
 p - 7 boomerangs
 q - 5 poisoned darts (quivered)
 s - 4 javelins
Armour
 b - a +0 leather armour (worn)
 g - a +0 pair of gloves (worn)
Jewellery
 u - a +6 ring of strength
Wands
 i - a wand of mindburst (18)
 v - a wand of flame (1)
Scrolls
 c - 2 scrolls of blinking
 h - a scroll of vulnerability {unknown}
 l - a scroll of holy word
 r - 3 scrolls of teleportation
 t - a scroll of immolation {unknown}
Potions
 e - a potion of lignification
 f - a potion of curing
 j - a potion of flight
 k - a potion of heal wounds {unknown}
 m - a potion of magic {unknown}
 o - 2 potions of haste


   Skills:
 + Level 2.7 Fighting
 * Level 5.0 Long Blades
 + Level 2.0 Throwing
 + Level 2.8 Armour
 + Level 3.2 Dodging
 + Level 0.7 Stealth
 * Level 3.3 Spellcasting
 + Level 1.0 Evocations


You couldn't memorise any spells.
You knew the following spells:

 Your Spells              Type           Power      Damage    Failure   Level
a - Blink                 Tloc           N/A        N/A       9%          2
b - Lesser Beckoning      Tloc           13%        N/A       19%         3
c - Gell's Gravitas       Tloc           6%         N/A       19%         3
d - Teleport Other        Tloc           13%        N/A       19%         3
e - Manifold Assault      Tloc           13%        N/A       86%         5
f - Animate Skeleton      Necr           26%        N/A       6%          1
g - Passwall              Tmut/Erth      10%        N/A       9%          2
h - Swiftness             Air            13%        N/A       19%         3
Your spell library was empty.

Dungeon Overview and Level Annotations

Branches:
Dungeon (5/15)             Temple (0/1) D:5

Altars:
Dithmenos
Gozag


Innate Abilities, Weirdness & Mutations

You are immune to sickness and miasma.
You are immune to poison.
Your flesh is very heat resistant. (rF++)
You are vulnerable to cold. (rC-)
You float through the air rather than walking.
You learn spells naturally, not from books.
Your magical power is your life essence.
You have superior vitality. (+4 HP)


Message History

Aiming: Throw Flame
Press: ? - help, Shift-Dir - straight line, f/p - killer bee
Aim: a killer bee (39% to hit)
The puff of flame hits the killer bee.
The killer bee is heavily wounded.
The killer bee misses you. The killer bee stings you.
Hit: a) +0 falchion
Press: ? - help, Dir - move target, f/p - killer bee
Aim: a killer bee (heavily wounded, about 69% to evade your +0 falchion)
You hit the killer bee but do no damage.
The killer bee is heavily wounded.
The killer bee is no longer distracted by gold.
The killer bee barely misses you. The killer bee stings you.
Aiming: Throw Flame
Press: ? - help, Shift-Dir - straight line, f/p - killer bee
Aim: a killer bee (heavily wounded, 39% to hit)
The puff of flame hits the killer bee!
The killer bee is almost dead.
The killer bee closely misses you. The killer bee stings you.
* * * LOW HITPOINT WARNING * * *
Aiming: Throw Flame
Press: ? - help, Shift-Dir - straight line, f/p - killer bee
Aim: a killer bee (almost dead, 39% to hit)
The puff of flame hits the killer bee.
You kill the killer bee!
The killer bee barely misses you.
Your Long Blades skill increases to level 5!
Your Evocations skill increases to level 1!
Aiming: Throw Flame
Press: ? - help, Shift-Dir - straight line, f - killer bee
Aim: a killer bee (heavily wounded, 39% to hit)
The puff of flame hits the killer bee.
The killer bee is severely wounded.
The killer bee closely misses you. The killer bee stings you!
* * * LOW HITPOINT WARNING * * *
It was a potion of flight.
You feel more buoyant. The killer bee stings you!
You die...
Your body crumbles into a pile of gold.

#######.# #.......#
.# ####.....### .#
#..........# .#
##.##.....#.# .#
##.##.....#.# .#
##.####.###.## .#
##.# #.##...####.#
##.####.#..#.($y@.#
##.>....#....######
..........#.##
##.########. #.# #.
#.# #. #.# #y #..
#.#


You could see a killer bee.

Vanquished Creatures
  An ogre (D:4)
  A phantom (D:4)
  A scorpion (D:3)
  4 killer bees (D:5)
  A hound (D:4)
  2 iguanas (D:4)
  2 hound skeletons
  5 adders
  A shadow imp (D:2)
  An ufetubus (D:4)
  2 worms
  5 dart slugs
  7 orcs
  3 endoplasms (D:2)
  5 giant cockroaches (D:2)
  4 goblins
  5 hobgoblins
  5 jackals
  2 quokkas
  5 ball pythons
  7 bats
  5 frilled lizards
  7 kobolds
  9 rats
90 creatures vanquished.

Notes
Turn   | Place    | Note
-------+----------+-------------------------------------------
     0 | D:1      | lawman0 the Djinni Warper began the quest for the Orb.
     0 | D:1      | Reached XP level 1. HP: 18/18 MP: 0/0
   316 | D:1      | Reached skill level 2 in Long Blades
   316 | D:1      | Reached XP level 2. HP: 23/23 MP: 0/0
   895 | D:1      | Reached XP level 3. HP: 28/28 MP: 0/0
   895 | D:1      | Learned a level 1 spell: Animate Skeleton
  1281 | D:2      | Reached skill level 1 in Throwing
  1823 | D:2      | Found an opulent altar of Gozag.
  1920 | D:2      | Reached XP level 4. HP: 7/33 MP: 0/0
  1965 | D:2      | Became a worshipper of Gozag Ym Sagoz the Greedy
  2481 | D:2      | Reached skill level 3 in Long Blades
  3051 | D:3      | Reached XP level 5. HP: 29/38 MP: 0/0
  3051 | D:3      | Learned a level 2 spell: Passwall
  3650 | D:3      | Reached XP level 6. HP: 44/44 MP: 0/0
  3948 | D:4      | Reached skill level 4 in Long Blades
  4010 | D:4      | Found a shadowy altar of Dithmenos.
  4777 | D:4      | Noticed an ogre
  4805 | D:4      | Killed an ogre
  4806 | D:4      | Reached XP level 7. HP: 41/49 MP: 0/0
  4806 | D:4      | Learned a level 3 spell: Swiftness
  5092 | D:5      | Entered Level 5 of the Dungeon
  5108 | D:5      | Found a staircase to the Ecumenical Temple.
  5243 | D:5      | Reached skill level 5 in Long Blades
  5243 | D:5      | Reached skill level 1 in Evocations
  5244 | D:5      | Slain by a killer bee

Illustrated notes

Levels and vault maps discovered:
D:1:      dpeg_arrival_windows_large_door, layout_basic
D:2:      layout_loops_cross, basic_altar
D:3:      layout_rooms
D:4:      layout_rooms, mainiacjoe_overflow_six_doors_small, minivault_25
D:5:      layout_loops_ring, minmay_temple_entry_glassed_door

Skill      XL: |  1  2  3  4  5  6  7 |
---------------+----------------------+-----
Long Blades    | 2 3 4 5 |  5.0
Throwing       | 1 2 |  2.0
Armour         | 2 |  2.8
Spellcasting   | 3 |  3.3
Dodging        | 3 |  3.2
Evocations     | 1 |  1.0
Fighting       | |  2.7
Stealth        | |  0.7

Action                   |  1- 3 |  4- 6 |  7- 9 || total
-------------------------+-------+-------+-------++-------
Melee: Falchion          |   133 |   233 |    15 ||   381
Throw: Javelin           |    10 |     3 |       ||    13
       Boomerang         |       |     9 |       ||     9
       Dart              |       |    18 |     8 ||    26
 Cast: Teleport Other    |     1 |       |       ||     1
       Blink             |       |     2 |       ||     2
       Gell's Gravitas   |       |       |     1 ||     1
Evoke: Wand              |       |     8 |    12 ||    20
  Use: Scroll            |     1 |     2 |     3 ||     6
       Potion            |       |     1 |     1 ||     2
 Stab: Sleeping          |       |     1 |       ||     1
       Distracted        |       |     1 |       ||     1
Armor: Leather armour    |    61 |    86 |     6 ||   153
Dodge: Dodged            |   116 |   190 |    24 ||   330

Table legend: (Time is in decaauts)
 A = Elapsed time spent in this place.
 B = Non-inter-level travel time spent in this place.
 C = Inter-level travel time spent in this place.
 D = Time resting spent in this place.
 E = Time spent auto-exploring this place.
 F = Levels seen in this place.
 G = Mean time per level.
                   A        B        C        D        E       F      G
               +--------+--------+--------+--------+--------+-----+--------+
         Total |   5306 |   5121 |    185 |    742 |   3342 |   5 | 1061.2 |
       Dungeon |   5306 |   5121 |    185 |    742 |   3342 |   5 | 1061.2 |
               +--------+--------+--------+--------+--------+-----+--------+

Top non-repeatable levels by time:
     D:2: 1709 daAuts
     D:3: 1256 daAuts
     D:1: 1201 daAuts
     D:4: 986 daAuts
     D:5: 151 daAuts
